 Dungeon Crawl Stone Soup version 0.31-a0-1540-g5a0b83f448 (webtiles) character file.

Game seed: 2202812789165319376

829666 grandjackal the Hand of Fortune (level 27, -15/202 (249) HPs)
             Began as a Demonspawn Gladiator on Jan 1, 2024.
             Was the Champion of Nemelex Xobeh.
             Killed from afar by an elemental wellspring (19 damage)
             ... with a torrent of water
             ... on level 6 of Cocytus.
             The game lasted 02:47:04 (112636 turns).

grandjackal the Hand of Fortune (DsGl)            Turns: 112636, Time: 02:47:05

HP:   -15/202 (249) AC: 35    Str: 29      XL:     27
MP:   0/49          EV: 25    Int:  1 (4)  God:    Nemelex Xobeh [******]
Gold: 11458         SH:  0    Dex: 26      Spells: 26/26 levels left

rFire   + +          .
                       - Unarmed
rCold   + + .        (no shield)
rNeg    + + .        A - +9 plate armour "Fufaocsepp" {^Contam rElec rCorr Dex+2}
rPois   +            J - +1 helmet of Limitation {rPois Dex+3}
rElec   +            V - scarf {repulsion}
rCorr   +            (gloves unavailable)
SInv    +            Z - +3 pair of mountain boots {steadfast, rC+}
Will    +++..        Y - amulet of Gluttony {Acrobat +Inv Dex+2 Slay+3} Stlth
                     W - ring of the Filigreed Lime {rElec rF+ rN+ MP+9}
HPRegen 0.53/turn    T - ring of Femew {rPois rN+ SInv}
MPRegen 0.62/turn

%: random rage (3%), repel missiles, acrobat, guardian spirit
@: marked, engulfed (cannot breathe), studying 2 skills, heavily drained, unable
to drink, very slow
A: molten scales 3, hurl damnation, powered by pain 3, torment resistance 1,
magic shield, magic regeneration, magic link, demonic willpower, demonic touch
3, see invisible, agile 1, berserk 1, cold resistance 1, dopey 2, strong 1,
inability to read after injury 1, [deformed body]
}: 7/15 runes: serpentine, barnacled, slimy, silver, golden, abyssal, dark
a: Hurl Damnation, Renounce Religion, Evoke Invisibility, Draw Escape, Draw
Destruction, Draw Summoning, Triple Draw, Deal Four, Stack Five


You were on level 6 of Cocytus.
You worshipped Nemelex Xobeh.
Nemelex Xobeh was exalted by your worship.
You visited 15 branches of the dungeon, and saw 66 of its levels.
You visited Pandemonium 1 time, and saw 7 of its levels.
You visited the Abyss 3 times.
You also visited: Bailey, Ice Cave, Volcano and Wizlab.

You collected 15102 gold pieces.
You spent 3644 gold pieces at shops.

Inventory:

Hand Weapons
 D - a +12 club of chaos
Missiles
 d - 10 throwing nets (quivered)
Armour
 o - a scarf of resistance
 A - the +9 plate armour "Fufaocsepp" (worn) {^Contam rElec rCorr Dex+2}
   (You took it off a deep elf high priest on level 3 of the Elven Halls)

   Dex+2:     It affects your dexterity (+2).
   rElec:     It insulates you from electricity.
   ^Contam:   It causes magical contamination when unequipped.
   rCorr:     It protects you from acid and corrosion.
 J - the +1 helmet of Limitation (worn) {rPois Dex+3}
   (You found it on level 5 of the Pits of Slime)

   Dex+3:     It affects your dexterity (+3).
   rPois:     It protects you from poison
 V - a scarf of repulsion (worn)
 Z - the +3 pair of mountain boots (worn) {steadfast, rC+}
   (You found it on level 5 of the Pits of Slime)

   Steadfast: It prevents involuntary movement, except for blinking,
   teleportation, or banishment.
   rC+:       It protects you from cold.
Jewellery
 c - the ring of the Failed Coup {rElec Str+6 Int+2}
   (You acquired it on level 2 of the Elven Halls)

   [ring of strength]

   Str+6:     It affects your strength (+6).
   Int+2:     It affects your intelligence (+2).
   rElec:     It insulates you from electricity.
 e - the ring "Qoitwix" {Will+ Int+4 Stlth+}
   (You found it on level 4 of the Shoals)

   [ring of willpower]

   Int+4:     It affects your intelligence (+4).
   Will+:     It increases your willpower.
   Stlth+:    It makes you more stealthy.
 j - the ring "Gucwigge" {rPois rF+ rCorr Int+3 Dex+3}
   (You took it off a Cloud Mage in a wizard's laboratory)

   [ring of resist corrosion]

   Int+3:     It affects your intelligence (+3).
   Dex+3:     It affects your dexterity (+3).
   rF+:       It protects you from fire.
   rPois:     It protects you from poison rCorr: It protects you from acid and
   corrosion.
 p - a ring of protection from cold
 F - a ring of positive energy
 K - the ring "Qiruucud" {Fly rN+ Will+ Dex+6 Stlth-}
   (You found it on level 3 of the Tomb of the Ancients)

   [ring of dexterity]

   Dex+6:     It affects your dexterity (+6).
   rN+:       It protects you from negative energy.
   Will+:     It increases your willpower.
   Fly:       It grants you flight.
   Stlth-:    It makes you less stealthy.
 T - the ring of Femew (right hand) {rPois rN+ SInv}
   (You took it off a deep elf pyromancer on level 3 of the Elven Halls)

   [ring of see invisible]

   rPois:     It protects you from poison rN+: It protects you from negative
   energy.
   SInv:      It lets you see invisible.
 U - a ring of protection from cold
 W - the ring of the Filigreed Lime (left hand) {rElec rF+ rN+ MP+9}
   (You found it on level 5 of the Pits of Slime)

   [ring of protection from fire]

   rF+:       It protects you from fire.
   rElec:     It insulates you from electricity.
   rN+:       It protects you from negative energy.
   MP+9:      It affects your magic capacity (+9).
 Y - the amulet of Gluttony (around neck) {Acrobat +Inv Dex+2 Slay+3}
   (You took it off a deep elf sorcerer on level 3 of the Elven Halls)

   [amulet of the acrobat]

   Acrobat:   It increases your evasion while moving and waiting.
   Dex+2:     It affects your dexterity (+2).
   Slay+3:    It affects your accuracy & damage with ranged weapons and melee
   (+3).
   +Inv:      It lets you turn invisible.
Wands
 a - a wand of acid (29)
 i - a wand of roots (40)
 q - a wand of charming (8)
 M - a wand of mindburst (8)
 X - a wand of digging (35)
Scrolls
 b - 14 scrolls of revelation
 f - 4 scrolls of butterflies
 n - 4 scrolls of teleportation
 r - 2 scrolls of silence
 s - a scroll of torment
 v - 9 scrolls of immolation
 B - 15 scrolls of poison
 G - 5 scrolls of enchant armour
 H - 9 scrolls of vulnerability
 N - 7 scrolls of blinking
 O - 23 scrolls of fear
 R - 5 scrolls of fog
Potions
 g - 5 potions of invisibility
 h - 8 potions of enlightenment
 k - 4 potions of haste
 m - 14 potions of might
 t - a potion of berserk rage
 u - a potion of ambrosia
 w - 4 potions of magic
 x - 3 potions of lignification
 z - 9 potions of resistance
 E - 11 potions of curing
 I - 8 potions of mutation
 L - 5 potions of cancellation
 P - a potion of heal wounds
 Q - 7 potions of attraction
Miscellaneous
 l - a condenser vane
 y - the horn of Geryon
 C - a figurine of a ziggurat
 S - a lightning rod (4/4)


   Skills:
 O Level 27 Fighting
 - Level 3.1 Axes
 - Level 2.0 Throwing
 + Level 20.8 Armour
 + Level 21.0 Dodging
 O Level 27 Unarmed Combat
 O Level 27 Invocations
 + Level 16.4 Evocations


You had 26 spell levels left.
You didn't know any spells.
Your spell library contained the following spells:

 Spells                   Type           Power      Damage    Failure   Level
 Freeze                   Ice            0%         1d3       96%         1
 Kiss of Death            Conj/Necr      0%         2d5       96%         1
 Magic Dart               Conj           0%         1d3       96%         1
 Necrotise                Necr           0%         1d4       96%         1
 Slow                     Hex            0%         N/A       96%         1
 Sting                    Conj/Alch      0%         1d3       96%         1
 Summon Small Mammal      Summ           0%         N/A       96%         1
 Blink                    Tloc           0%         N/A       99%         2
 Call Imp                 Summ           0%         N/A       99%         2
 Cigotuvi's Dreadful Rot  Necr/Alch/Air  0%         N/A       99%         2
 Jinxbite                 Hex            0%         N/A       99%         2
 Lesser Beckoning         Tloc           0%         N/A       99%         2
 Mercury Vapours          Alch/Air       0%         N/A       99%         2
 Momentum Strike          Conj/Tloc      0%         3d8       99%         2
 Scorch                   Fire           0%         2d5       99%         2
 Searing Ray              Conj           0%         2d4       99%         2
 Static Discharge         Conj/Air       0%         3-3/arc   99%         2
 Sublimation of Blood     Necr           0%         N/A       99%         2
 Call Canine Familiar     Summ           0%         N/A       100%        3
 Confusing Touch          Hex            0%         N/A       100%        3
 Dazzling Flash           Conj/Hex       0%         N/A       100%        3
 Frozen Ramparts          Ice            0%         1d1       100%        3
 Hailstorm                Conj/Ice       0%         3d5       100%        3
 Inner Flame              Hex/Fire       0%         N/A       100%        3
 Mephitic Cloud           Conj/Alch/Air  0%         N/A       100%        3
 Ozocubu's Armour         Ice            0%         N/A       100%        3
 Sigil of Binding         Hex            0%         N/A       100%        3
 Summon Ice Beast         Ice/Summ       0%         N/A       100%        3
 Vampiric Draining        Necr           0%         2d6       100%        3
 Volatile Blastmotes      Fire/Tloc      0%         2d10      100%        3
 Airstrike                Air            0%         2d(0-16)  100%        4
 Animate Armour           Summ/Erth      0%         N/A       100%        4
 Animate Dead             Necr           0%         N/A       100%        4
 Dimensional Bullseye     Hex/Tloc       0%         N/A       100%        4
 Dispel Undead            Necr           0%         3d6       100%        4
 Flame Wave               Conj/Fire      0%         2d4       100%        4
 Fulminant Prism          Conj/Alch      0%         3d5       100%        4
 Iskenderun's Mystic Bla  Conj/Tloc      0%         2d3       100%        4
 Leda's Liquefaction      Alch/Erth      0%         N/A       100%        4
 Manifold Assault         Tloc           0%         N/A       100%        4
 Martyr's Knell           Necr/Summ      0%         N/A       100%        4
 Olgreb's Toxic Radiance  Alch           0%         N/A       100%        4
 Passage of Golubria      Tloc           0%         N/A       100%        4
 Petrify                  Alch/Erth      0%         N/A       100%        4
 Sticky Flame             Fire/Alch      0%         2d4       100%        4
 Summon Blazeheart Golem  Fire/Summ      0%         N/A       100%        4
 Summon Lightning Spire   Summ/Air       0%         N/A       100%        4
 Alistair's Intoxication  Alch           0%         N/A       100%        5
 Borgnjor's Vile Clutch   Necr/Erth      0%         N/A       100%        5
 Curse of Agony           Necr           0%         N/A       100%        5
 Freezing Cloud           Conj/Ice/Air   0%         6-21      100%        5
 Irradiate                Conj/Alch      0%         3d11      100%        5
 Iskenderun's Battlesphe  Conj           0%         2d6       100%        5
 Lee's Rapid Deconstruct  Erth           0%         3d4*      100%        5
 Metabolic Englaciation   Hex/Ice        0%         N/A       100%        5
 Silence                  Hex/Air        0%         N/A       100%        5
 Summon Forest            Summ/Tloc      0%         N/A       100%        5
 Yara's Violent Unravell  Hex/Alch       0%         3d3       100%        5
 Bombard                  Conj/Erth      0%         9d1       100%        6
 Death Channel            Necr           0%         N/A       100%        6
 Dispersal                Tloc           0%         N/A       100%        6
 Eringya's Noxious Bog    Alch           0%         4d6       100%        6
 Sculpt Simulacrum        Ice/Alch       0%         N/A       100%        6
 Starburst                Conj/Fire      0%         6d3       100%        6
 Summon Cactus Giant      Summ           0%         N/A       100%        6
 Enfeeble                 Hex            0%         N/A       100%        7
 Haunt                    Necr/Summ      0%         N/A       100%        7
 Ozocubu's Refrigeration  Ice            0%         4d7       100%        7
 Spellforged Servitor     Conj/Summ      0%         N/A       100%        7
 Summon Hydra             Summ           0%         N/A       100%        7
 Discord                  Hex            0%         N/A       100%        8
 Disjunction              Tloc           0%         N/A       100%        8
 Ignition                 Fire           0%         3d3       100%        8
 Infestation              Necr           0%         N/A       100%        8
 Lehudib's Crystal Spear  Conj/Erth      0%         10d2      100%        8
 Maxwell's Capacitive Co  Air            0%         ∞         100%        8
 Summon Horrible Things   Summ           0%         N/A       100%        8
 Chain Lightning          Conj/Air       0%         N/A       100%        9
 Fire Storm               Conj/Fire      0%         5d1       100%        9
 Polar Vortex             Ice            0%         N/A       100%        9
 Shatter                  Erth           0%         3d5*      100%        9


Dungeon Overview and Level Annotations

Branches:
Dungeon (15/15)            Temple (1/1) D:7            Lair (5/5) D:9
 Shoals (4/4) Lair:3        Snake (4/4) Lair:3        Slime (5/5) Lair:4
    Orc (2/2) D:12            Elf (3/3) Orc:2        Vaults (5/5) D:14
  Crypt (3/3) Vaults:3       Tomb (3/3) Crypt:3      Depths (4/4) D:15
   Hell (visited)             Dis (0/7) Hell            Geh (0/7) Hell
    Coc (6/7) Hell            Tar (0/7) Hell            Zot (5/5) Depths:4
 Bailey (visited)           IceCv (visited)         Volcano (visited)
 WizLab (visited)

Altars:
Ashenzari
Cheibriados
Dithmenos
Fedhas
Gozag
Hepliaklqana
Kikubaaqudgha
Makhleb
Nemelex Xobeh
Okawaru
Qazlal
Ru
Sif Muna
Trog
Uskayaw
Vehumet
Wu Jian
Xom
Yredelemnul
Jiyva

Shops:
D:2 (   D:5 :   D:6 :   Orc:2 [?*?   Elf:2 *??:   Depths:1 =::   Depths:2 :
Depths:3 ==(?:

Portals:
Hell: Depths:1 Depths:2 Depths:3 Depths:4
Abyss: Depths:1 Depths:3
Pandemonium: Depths:2
Ziggurat: Depths:1
Bazaar: Snake:2

Annotations:
D:4 2 runed translucent doors, Jeffwins's ghost, amateur OnFE
Elf:2 6 runed translucent doors, Fymemafa's ghost, adept DEHW; Wedibyb's ghost, adept DsGl; Zoguozuq's ghost, journeyman GnWn; grandjackal's ghost, adept DsGl
Elf:3 1 runed translucent door, bakla's ghost, adept OnHu
Zot:4 6 runed translucent doors


Innate Abilities, Weirdness & Mutations

You are completely covered in molten scales. (AC +4, rF+)
You can hurl damnation.
You are powered by pain.
You are resistant to unholy torment.
When hurt, damage is shared between your health and your magic reserves.
You regenerate magic rapidly.
When low on magic, you restore magic in place of health.
You punish those that try to bend your will. (Will+)
Your touch may irresistibly damage your foes and sap their willpower.
You have supernaturally acute eyesight. (SInv)
You are agile. (Dex +4, Str/Int -1)
You sometimes lose your temper in combat.
Your flesh is cold resistant. (rC+)
You are very dopey. (Int -4)
Your muscles are strong. (Str +4, Int/Dex -1)
You occasionally lose the ability to read scrolls when taking damage.
[Armour fits poorly on your strangely shaped body.]


Message History

Unknown command.
You pummel the elemental wellspring like a punching bag!!!
The elemental wellspring is severely damaged.
* * * LOW HITPOINT WARNING * * *
Your lungs strain for air!
The water elemental disappears in a puff of smoke! x2
The shard shrike claws you but does no damage.
A shard shrike simulacrum comes into view.
The harpy simulacrum misses you. x2
Water spirits pour forth from the elemental wellspring!
A torrent of water rises up through the elemental wellspring!
The torrent of water is repelled.
The torrent of water passes through the water elemental.
The torrent of water hits the shard shrike!!
The shard shrike is knocked back by the torrent of water.
The shard shrike collides with the water elemental!
The water elemental is heavily damaged.
The shard shrike is almost dead.
The wave splashes down.
The shard shrike completely misses you.
The water elemental completely misses you.
The water elemental closely misses you. The water elemental misses you.
A shard shrike comes into view.
You pummel the elemental wellspring like a punching bag!!!
You destroy the elemental wellspring!
The teleport trap disappears.
The water elemental disappears!
The water elemental reappears nearby!
The water elemental disappears in a puff of smoke! x3
* * * LOW HITPOINT WARNING * * *
Your lungs strain for air!
A shard shrike comes into view.
The harpy simulacrum misses you.
The harpy simulacrum closely misses you.
A titan comes into view.
The nargun splashes around in the water.
The nargun closely misses you.
A torrent of water rises up through the elemental wellspring!
The torrent of water passes through the water elemental. x2
The torrent of water hits you!!
You die...
Your body glows with a rainbow of weird colours and disappears.

##≈≈~~≈≈≈≈≈≈
#≈≈~.~~..≈≈≈
#####≈≈~~Z~~~..≈
≈≈≈≈≈≈~~~~~~~...
≈≈≈≈≈≈EE.~~~..b.
....≈~.1EEE~..C.
≈≈ZE.~~b9Zb~E.≈≈
≈≈≈≈.E9bEbbb≈≈E≈
≈≈≈≈§bb@EbEb≈≈≈≈
≈≈b≈bZ§EZEE≈≈≈≈≈
≈≈≈≈§≈§~E~~~≈≈≈≈
≈≈≈≈≈≈≈≈≈~...≈≈
≈≈≈≈≈≈≈≈~≈≈≈≈≈≈
≈≈≈≈≈≈≈≈≈≈≈≈≈≈#
≈≈≈≈≈≈≈≈≈≈≈≈###
≈≈≈≈≈≈≈≈≈≈≈≈≈


You could see a titan, 13 shard shrikes, an Ice Fiend, 5 elemental wellsprings,
2 narguns, 11 water elementals, a dire elephant simulacrum, 2 harpy simulacra, a
titan simulacrum and a shard shrike simulacrum.

Vanquished Creatures
  Gloorx Vloq (Pan)
  Khufu (Tomb:3)
  7 dread liches
  7 ancient liches
  6 orbs of fire (Zot:5)
  Boris (5 times) (Crypt:1 Crypt:2 Crypt:3 Depths:3 Tomb:1)
  14 royal mummies
  12 Killer Klowns
  8 shard shrikes
  Bai Suzhen (Elf:3)
  4 curse toes
  A caustic shrike (Slime:5)
  2 golden dragons
  2 profane servitors (Abyss:3)
  Geryon (Hell)
  Jory (Vaults:3)
  Nikola (Depths:1)
  the Enchantress (Depths:4)
  4 electric golems
  2 Tzitzimimeh (Pan)
  A tainted leviathan (Depths:1)
  6 liches
  A Cloud Mage (WizLab)
  5 Ice Fiends
  16 tentacled monstrosities
  Jorgrun (D:15)
  Zenata (Vaults:2)
  25 Orb Guardians (Zot:5)
  3 Hell Sentinels (Pan)
  2 deep elf blademasters (Elf:3)
  2 walking crystal tomes (Depths:2)
  5 titans
  2 deep elf master archers (Elf:3)
  A pandemonium lord (Pan)
  7 quicksilver dragons
  5 ancient champions
  21 acid blobs
  31 Executioners (Pan)
  11 sphinxes
  2 krakens
  3 tentacled starspawn
  13 storm dragons
  8 death cobs
  10 shadow dragons
  2 revenants
  7 nagarajas
  10 tengu reavers
  Donald (Orc:2)
  7 narguns
  A daeva (Abyss:3)
  14 azure jellies
  6 draconian knights
  2 draconian monks
  3 demonspawn warmongers (Pan)
  11 frost giants
  8 fire giants
  5 balrugs
  6 deep elf sorcerers
  8 protean progenitors
  5 draconian scorchers
  3 iron dragons
  3 juggernaut zombies
  5 ghost moths
  9 rockslimes
  2 caustic shrike zombies
  A deep elf elementalist (Elf:3)
  19 vault wardens
  A draconian stormcaller (Zot:1)
  2 shard shrike simulacra
  Louise (Elf:2)
  8 cacodemons (Pan)
  19 ironbound preservers
  5 ghouls
  7 curse skulls
  An orc warlord (Vaults:2)
  35 reapers
  9 quicksilver oozes
  A demonspawn corrupter (Pan)
  4 spriggan defenders (Depths:4)
  22 very ugly things
  2 demonspawn blood saints (Pan)
  6 draconian annihilators
  12 stone giants
  12 juggernaut skeletons
  3 vampire knights
  Nessos (D:12)
  4 formless jellyfish
  11 green draconians
  4 ironbound thunderhulks
  7 deep elf death magi
  8 white draconians
  11 caustic shrike skeletons
  8 elemental wellsprings
  A minotaur (Vaults:5)
  A lorocyproca (Zot:4)
  3 putrid mouths
  3 deep elf demonologists
  9 dire elephants
  2 wendigos
  7 bennus (Tomb:3)
  9 deep elf annihilators
  15 yellow draconians
  6 red draconians
  A bunyip (Snake:4)
  8 purple draconians
  9 spark wasps
  6 black draconians
  8 blizzard demons
  5 iron golems
  An entropy weaver (shapeshifter) (D:13)
  3 entropy weavers
  13 ettins
  5 merfolk impalers
  7 spriggan zombies
  8 fire dragons
  2 merfolk javelineers (Shoals:4)
  7 eidola
  10 yaktaur captains
  16 mummy priests
  Josephine (Orc:2)
  5 jiangshi
  2 quicksilver dragon zombies
  13 great orbs of eyes
  A rakshasa (Depths:2)
  36 vault guards
  2 quicksilver dragon skeletons
  Erolcha (D:9)
  5 catoblepae
  6 ice dragons
  Harold (Orc:1)
  4 caustic shrike simulacra
  2 hydras (D:15)
  A jorogumo (Vaults:5)
  6 ogre magi
  2 merfolk avatars (Shoals:4)
  A sphinx zombie (D:15)
  8 spriggan air magi
  6 deep elf high priests
  4 hell beasts
  5 spriggan skeletons
  7 centaur warriors
  9 ironbound frosthearts
  A radroach (Zot:1)
  3 death knights
  A radroach (shapeshifter) (Vaults:5)
  8 boulder beetles
  An alligator snapping turtle (Vaults:5)
  A satyr (shapeshifter) (Shoals:4)
  A fenstrider witch skeleton (Crypt:3)
  7 anacondas
  13 dancing weapons
  26 two-headed ogres
  53 death scarabs
  3 sphinx skeletons
  8 deep troll shamans
  12 death yaks (Lair:5)
  8 deep troll earth magi
  5 tengu warriors
  4 vampire magi
  A titan zombie (Depths:2)
  20 naga warriors
  5 occultists
  5 naga sharpshooters
  4 demonic crawlers
  12 hell knights
  9 spriggans
  9 shock serpents
  5 spriggan berserkers
  6 thrashing horrors
  6 wretched stars
  Urug (Lair:2)
  25 sun demons
  Sonja (Lair:4)
  8 hellephant skeletons (Pan)
  6 titan skeletons
  2 shadow wraiths
  28 skeletal warriors
  8 deep elf knights
  3 goliath frogs
  10 sixfirhies
  A fire crab (Slime:5)
  27 soul eaters
  An iron giant zombie (Crypt:3)
  9 skysharks
  2 salamander mystics
  A spark wasp zombie (Depths:1)
  3 storm dragon skeletons (Depths:3)
  2 sea snakes (shapeshifter)
  An elf simulacrum (Coc:1)
  16 iron trolls
  A quicksilver dragon simulacrum (Abyss:3)
  An anaconda zombie (Hell)
  14 sea snakes
  3 death drakes
  2 shadow dragon zombies
  6 spatial maelstroms
  A sun moth (Vaults:5)
  A bog body (Crypt:2)
  67 deep trolls
  6 golden dragon skeletons
  4 swamp dragons
  A fenstrider witch simulacrum (Coc:2)
  4 naga ritualists
  An obsidian statue (Snake:2)
  A bunyip skeleton (Crypt:2)
  8 glowing orange brains
  6 arcanists
  4 flayed ghosts
  10 deep elf archers
  8 lindwurms
  A shadow demon (Abyss:4)
  3 orc knights
  18 deep elf zephyrmancers
  39 harpies
  15 phantasmal warriors
  20 ironbound convokers
  3 shining eyes
  3 alligator zombies (Hell)
  25 necromancers
  2 anaconda skeletons (Crypt:3)
  9 mana vipers
  A shining eye (shapeshifter) (Vaults:5)
  51 ugly things
  17 deep elf pyromancers
  3 orc sorcerers
  3 wolf spiders
  4 cyclopes
  A worldbinder (Abyss:4)
  7 fauns
  4 stone giant zombies
  A fire giant zombie (Depths:1)
  5 toenail golems (Volcano)
  A glowing shapeshifter (Elf:3)
  2 shadow dragon skeletons
  16 manticores
  2 tengu skeletons
  3 alligator skeletons
  10 salamanders
  5 meliai
  25 moths of wrath
  3 elephants (Lair:5)
  A frost giant skeleton (Depths:2)
  19 naga magi
  18 vault sentinels
  3 fire giant skeletons
  4 merfolk sirens
  4 centaur zombies (Crypt:3)
  3 kobold blastminers
  A stone giant skeleton (Depths:1)
  3 apocalypse crabs (WizLab)
  A torpor snail (shapeshifter) (Vaults:5)
  A guardian serpent (shapeshifter) (Vaults:4)
  3 guardian serpents
  2 rust devils
  An iron dragon skeleton (Depths:3)
  2 dire elephant zombies
  26 black mambas
  3 titan simulacra
  6 torpor snails
  An eye of devastation (shapeshifter) (Vaults:4)
  11 cane toads
  6 molten gargoyles
  18 smoke demons
  2 ice statues
  11 water nymphs
  40 large abominations
  2 centaur skeletons (Crypt:3)
  A storm dragon simulacrum (Coc:1)
  2 eyes of devastation
  11 orange demons (Pan)
  3 naga skeletons
  5 hellions
  3 unseen horrors
  A grey draconian zombie (Crypt:1)
  A rime drake (Lair:2)
  2 sea snake zombies
  An unseen horror (shapeshifter) (Abyss:3)
  10 freezing wraiths
  A kobold demonologist (D:12)
  7 komodo dragons
  40 yaktaurs
  2 ice devils
  7 tormentors
  3 tengu conjurers
  A bunyip simulacrum (Coc:1)
  4 anaconda simulacra
  An efreet (D:15)
  A silent spectre (Abyss:3)
  2 harpy zombies (Crypt:3)
  49 guardian mummies
  A hydra zombie (Hell)
  A troll (D:11)
  2 red devils (Pan)
  An iron troll skeleton (Crypt:1)
  3 ancient zymes
  21 merfolk
  5 wind drakes
  A death drake zombie (Crypt:1)
  3 hydra skeletons
  2 tarantellas
  A blink frog (shapeshifter) (D:14)
  Grinder (D:3)
  Prince Ribbit (D:6)
  A guardian serpent zombie (Crypt:1)
  10 hornets
  6 glass eyes
  16 hellwings
  11 blink frogs
  16 dream sheep
  5 polar bears
  2 harpy skeletons
  4 raiju
  A slime creature (shapeshifter) (Vaults:5)
  2 stone giant simulacra
  A raiju (shapeshifter) (Abyss:4)
  11 snapping turtles
  A meliai zombie (Crypt:2)
  A guardian serpent skeleton (Crypt:2)
  2 centaur simulacra
  2 ettin zombies
  3 jumping spiders (Crypt:3)
  Sigmund (D:5)
  47 slime creatures
  A culicivora (shapeshifter) (Vaults:5)
  2 shadows
  8 wraiths
  6 ynoxinuls
  15 water elementals
  3 fire elementals
  13 air elementals
  6 wyverns
  5 dire elephant simulacra
  9 humans
  8 basilisks
  2 fire bats (Depths:2)
  20 starcursed masses (Abyss:3)
  60 yaks
  A hog (Vaults:4)
  2 black mamba skeletons
  A hog (shapeshifter) (D:13)
  9 ushabtiu
  2 alligator snapping turtle simulacra
  A golden eye (Slime:5)
  2 steam dragons
  8 vampire mosquitoes
  A warg (Orc:2)
  Eustachio (D:6)
  12 redbacks
  Grum (D:8)
  A death yak simulacrum (IceCv)
  5 chaos spawn
  A tyrant leech zombie (Crypt:1)
  2 neqoxecs
  Menkaure (D:6)
  4 harpy simulacra
  2 two-headed ogre zombies (D:12)
  33 nagas
  A human zombie (Depths:1)
  A glowing shapeshifter zombie (Depths:1)
  3 hydra simulacra
  A naga zombie (Abyss:2)
  5 spatial vortices
  3 acid dragons
  13 water moccasins
  12 orc warriors
  2 glowing shapeshifter skeletons
  2 ice beasts
  A merfolk skeleton (Crypt:2)
  28 laughing skulls
  4 small abominations (Abyss:3)
  3 sky beasts (D:7)
  A swamp drake (Snake:4)
  An ettin simulacrum (Coc:2)
  A manticore zombie (Crypt:1)
  2 black bears
  27 ogres
  A blink frog zombie (Crypt:2)
  11 wolves
  11 boggarts
  16 centaurs
  2 phantoms
  2 weeping skulls (Abyss:3)
  A brain worm (Abyss:4)
  3 kobold brigands
  24 bullfrogs
  A gnoll sergeant (D:11)
  3 scorpions
  3 two-headed ogre simulacra (IceCv)
  2 necrophages
  8 wights
  9 wyvern skeletons (Crypt:3)
  A shapeshifter zombie (Crypt:1)
  A troll zombie (D:12)
  3 killer bees (D:9)
  A swamp dragon simulacrum (Crypt:1)
  3 elephant simulacra (IceCv)
  8 howler monkeys
  2 vampire bats (Orc:1)
  7 lava snakes
  A bombardier beetle (D:5)
  A quasit (Abyss:3)
  3 jellies
  20 orc priests
  3 gnoll boudas
  2 hounds (D:5)
  4 sleepcaps
  Ijyb (D:3)
  6 iguanas
  17 orc wizards
  9 troll simulacra (IceCv)
  10 spriggan simulacra
  A polar bear simulacrum (IceCv)
  3 wolf simulacra (IceCv)
  5 ogre zombies (D:12)
  An ogre skeleton (Crypt:1)
  27 mummies
  Robin (D:3)
  26 gnolls
  8 naga simulacra
  6 adders
  2 shadow imps (D:7)
  4 white imps
  7 ufetubi (IceCv)
  5 dart slugs
  6 ribbon worms
  62 orcs
  14 bats
  7 endoplasms
  6 giant cockroaches
  4 gnoll zombies (D:12)
  16 goblins
  11 hobgoblins
  4 jackals (D:2)
  22 kobolds
  5 quokkas
  4 ball pythons
  16 frilled lizards
  3 gnoll skeletons (D:12)
  A hobgoblin zombie (Crypt:2)
  A jackal zombie (Crypt:2)
  6 orc skeletons (D:12)
  11 orc zombies (D:12)
  7 rats
  3 aspiring fleshes
  A butterfly (Zot:4)
  2 lurking horrors (Abyss:3)
  6 starspawn tentacles (Abyss:3)
  5 tentacles
3155 creatures vanquished.

Vanquished Creatures (collateral kills)
  Norris (Vaults:3)
  A quicksilver dragon (Zot:3)
  A titan (Vaults:5)
  3 acid blobs (Slime:5)
  A storm dragon (Zot:3)
  2 rockslimes (Slime:5)
  2 nagarajas (Snake:4)
  A deep elf sorcerer (Elf:3)
  A deep elf elementalist (Elf:3)
  A frost giant (Slime:5)
  2 quicksilver oozes (Slime:5)
  A deep elf death mage (Elf:3)
  2 deep elf annihilators (Elf:3)
  A mummy priest (Tomb:3)
  A yaktaur captain (Vaults:1)
  A deep elf high priest (Elf:3)
  A fenstrider witch zombie (Tomb:3)
  2 vault guards (Vaults:5)
  An ironbound frostheart (Vaults:3)
  4 dancing weapons
  A merfolk aquamancer (Shoals:4)
  A deep troll earth mage (Depths:3)
  2 skeletal warriors (D:15)
  2 spatial maelstroms (Abyss:4)
  A death drake (Slime:5)
  3 deep elf archers
  A bunyip zombie (Crypt:3)
  7 deep elf pyromancers
  A phantasmal warrior (Vaults:5)
  2 deep elf zephyrmancers (Elf:3)
  A guardian serpent (Abyss:3)
  5 elephants (Lair:5)
  A worldbinder (Abyss:4)
  A vault sentinel (Vaults:5)
  4 cane toads (Lair:5)
  Maggie (D:7)
  2 hellions
  A komodo dragon (Lair:5)
  A freezing wraith (Vaults:5)
  A troll (Slime:5)
  4 guardian mummies
  A raiju (Abyss:4)
  2 slime creatures (Slime:5)
  2 air elementals
  3 yaks (Lair:5)
  A spatial vortex (Abyss:4)
  A naga (Snake:4)
  A water moccasin (Lair:5)
  An ogre (D:7)
  3 wolves (Lair:5)
  A scorpion (D:7)
  A hound (D:7)
  3 mummies (Tomb:3)
  A gnoll (D:7)
  A white imp (Abyss:4)
95 creatures vanquished.

Vanquished Creatures (others)
  2 ancient champions (Tomb:3)
  A demonspawn blood saint (Pan)
  A vampire knight (Crypt:1)
  A bennu (Tomb:3)
  A wendigo (Coc:1)
  A tengu warrior (Depths:2)
  4 skeletal warriors (Tomb:3)
  2 smoke demons (Pan)
  A storm dragon simulacrum (Coc:1)
  A guardian mummy (Tomb:3)
  A harpy zombie (Tomb:3)
  An ice devil (Pan)
  A wind drake (WizLab)
  A stone giant simulacrum (Coc:4)
  A naga simulacrum (Coc:1)
  An orc (D:9)
  A kobold (D:12)
  A quokka (D:14)
  15 ball lightnings
  2 lurking horrors (Abyss:3)
  3 starspawn tentacles
  15 tentacles
58 creatures vanquished.

Grand Total: 3308 creatures vanquished

Notes
Turn   | Place    | Note
-------+----------+-------------------------------------------
     0 | D:1      | grandjackal the Demonspawn Gladiator began the quest for
                  | the Orb.
     0 | D:1      | Reached XP level 1. HP: 16/16 MP: 1/1
    64 | D:1      | Gained mutation: You sometimes gain a little power by
                  | taking damage. [demonic ancestry]
    64 | D:1      | Reached XP level 2. HP: 15/22 MP: 2/2
   351 | D:1      | Gained mutation: Your touch may inflict minor irresistible
                  | damage on your foes. [demonic ancestry]
   351 | D:1      | Reached XP level 3. HP: 19/28 MP: 3/3
   794 | D:2      | Reached skill level 1 in Unarmed Combat
   794 | D:2      | Reached XP level 4. HP: 24/35 MP: 4/4
   868 | D:2      | Found Kyqif's Weapon Boutique.
  1384 | D:2      | Found a faded altar of an unknown god.
  1482 | D:2      | Gained mutation: You regenerate magic rapidly. [demonic
                  | ancestry]
  1482 | D:2      | Reached XP level 5. HP: 39/42 MP: 5/5
  2074 | D:3      | Noticed Ijyb
  2083 | D:3      | Killed Ijyb
  2084 | D:3      | Reached XP level 6. HP: 16/49 MP: 6/6
  2394 | D:3      | Noticed Grinder
  2402 | D:3      | Paralysed by Grinder for 3 turns
  2412 | D:3      | Killed Grinder
  2413 | D:3      | Reached skill level 5 in Fighting
  2688 | D:3      | Noticed Robin
  2697 | D:3      | Killed Robin
  2721 | D:3      | Reached XP level 7. HP: 56/56 MP: 7/7
  3006 | D:3      | Found an opulent altar of Gozag.
  3150 | D:4      | Found a runed translucent door.
  3155 | D:4      | Noticed Jeffwins's ghost (amateur OnFE)
  3195 | D:4      | Found a runed translucent door.
  3978 | D:5      | Entered Level 5 of the Dungeon
  3978 | D:5      | Found Ycasauwi's Vocational Training.
  4283 | D:5      | Noticed a yak
  4308 | D:5      | Killed a yak
  4309 | D:5      | Reached skill level 5 in Unarmed Combat
  4525 | D:5      | Gained mutation: When hurt, damage is shared between your
                  | health and your magic reserves. [demonic ancestry]
  4525 | D:5      | Reached XP level 8. HP: 62/65 MP: 8/8
  4842 | D:5      | Noticed Sigmund
  4861 | D:5      | Killed Sigmund
  5286 | D:6      | Noticed Eustachio
  5366 | D:6      | Killed Eustachio
  5959 | D:6      | Found Kodient's Book Shop.
  5974 | D:6      | Gained mutation: You are partially covered in molten
                  | scales. (AC +2) [demonic ancestry]
  5974 | D:6      | Reached XP level 9. HP: 75/75 MP: 9/9
  6066 | D:6      | Noticed Prince Ribbit
  6082 | D:6      | Killed Prince Ribbit
  6135 | D:6      | Noticed Menkaure
  6142 | D:6      | Killed Menkaure
  7198 | D:7      | HP: 1/76 [sky beast (4)]
  7473 | D:7      | Found a flagged portal.
  7490 | Bailey   | Entered a bailey
  7534 | Bailey   | Reached skill level 10 in Fighting
  7666 | Bailey   | Gained mutation: You are mostly covered in molten scales.
                  | (AC +3) [demonic ancestry]
  7666 | Bailey   | Reached XP level 10. HP: 75/86 MP: 8/10
  7807 | Bailey   | Noticed a vault guard
  7856 | Bailey   | Killed a vault guard
  8098 | Bailey   | Noticed a vault guard
  8108 | Bailey   | Killed a vault guard
  8211 | D:7      | Reached skill level 10 in Unarmed Combat
  8378 | D:7      | Found a staircase to the Ecumenical Temple.
  8387 | D:7      | Noticed Maggie
  8400 | D:7      | Killed Maggie
  8451 | Temple   | Entered the Ecumenical Temple
  8597 | Temple   | Became a worshipper of Nemelex Xobeh the Trickster
  8824 | D:7      | Reached skill level 1 in Invocations
  8976 | D:8      | Noticed Grum
  8988 | D:8      | Killed Grum
  9706 | D:8      | Paralysed by a hornet for 1 turns
  9973 | D:9      | Reached * piety under Nemelex Xobeh
  9980 | D:9      | Noticed Erolcha
  9990 | D:9      | Killed Erolcha
  9991 | D:9      | Gained mutation: Your touch may inflict irresistible damage
                  | on your foes. [demonic ancestry]
  9991 | D:9      | Reached XP level 11. HP: 95/95 MP: 12/14
 10259 | D:9      | Found a hazy altar of Hepliaklqana.
 10259 | D:9      | Found a blossoming altar of Fedhas.
 10260 | D:9      | Found an iron altar of Okawaru.
 10327 | D:9      | Received a gift from Nemelex Xobeh
 10643 | D:9      | Reached skill level 5 in Invocations
 10705 | D:9      | Found a staircase to the Lair.
 10862 | D:10     | Entered Level 10 of the Dungeon
 10862 | D:10     | Noticed a two-headed ogre
 10869 | D:9      | Killed a two-headed ogre
 11137 | D:10     | Noticed a two-headed ogre
 11157 | D:10     | Killed a two-headed ogre
 11284 | D:10     | Found a radiant altar of Vehumet.
 11825 | D:11     | Noticed a boulder beetle
 11833 | D:11     | Killed a boulder beetle
 11903 | D:11     | Reached ** piety under Nemelex Xobeh
 12842 | D:12     | Noticed Nessos
 12850 | D:12     | Killed Nessos
 12898 | D:12     | Gained mutation: Your touch may irresistibly damage your
                  | foes and sap their willpower. [demonic ancestry]
 12898 | D:12     | Reached XP level 12. HP: 105/105 MP: 18/18
 13223 | D:12     | Found a staircase to the Orcish Mines.
 13794 | D:12     | Reached *** piety under Nemelex Xobeh
 14166 | Lair:1   | Entered Level 1 of the Lair of Beasts
 14428 | Lair:1   | Received a gift from Nemelex Xobeh
 14438 | Lair:1   | Noticed a boulder beetle
 14444 | Lair:1   | Killed a boulder beetle
 14681 | Lair:1   | Identified the +3 ring mail of Sif Muna's Regard {Dex+2}
 14735 | Lair:1   | Reached skill level 10 in Invocations
 15077 | Lair:1   | Noticed a catoblepas
 15088 | Lair:1   | Killed a catoblepas
 16022 | Lair:2   | Reached **** piety under Nemelex Xobeh
 16047 | Lair:2   | Noticed Urug
 16057 | Lair:2   | Killed Urug
 16518 | Lair:2   | Received a gift from Nemelex Xobeh
 16630 | Lair:2   | Gained mutation: You sometimes gain power by taking damage.
                  | [demonic ancestry]
 16630 | Lair:2   | Reached XP level 13. HP: 110/114 MP: 21/21
 16799 | Lair:2   | Identified the +4 flail "Qaeptyxui" {holy, *Rage rN+ Int+2
                  | Dex+6}
 16987 | Lair:3   | Received a gift from Nemelex Xobeh
 17449 | Lair:3   | Found a dark tunnel.
 17456 | Volcano  | Entered a volcano
 17497 | Volcano  | Reached ***** piety under Nemelex Xobeh
 17916 | Lair:3   | Reached skill level 15 in Fighting
 18038 | Lair:3   | Received a gift from Nemelex Xobeh
 18234 | Lair:3   | Found a staircase to the Snake Pit.
 18529 | Lair:3   | Received a gift from Nemelex Xobeh
 19044 | Lair:3   | Found a staircase to the Shoals.
 19312 | Lair:4   | Received a gift from Nemelex Xobeh
 19568 | Lair:4   | Found a runed translucent door.
 19617 | Lair:4   | Received a gift from Nemelex Xobeh
 19685 | Lair:4   | Found a staircase to the Slime Pits.
 19685 | Lair:4   | Found a viscous altar of Jiyva.
 19850 | Lair:4   | Received a gift from Nemelex Xobeh
 20034 | Lair:4   | Noticed Sonja
 20049 | Lair:4   | Killed Sonja
 20233 | Lair:4   | Received a gift from Nemelex Xobeh
 20824 | Lair:4   | Identified the +6 whip of Xom's Generosity {antimagic,
                  | rElec rPois Will- Str+4}
 20825 | Lair:4   | Identified the +0 hat of the Present {rN+}
 20828 | Lair:4   | Found a runed translucent gate.
 20828 | Lair:4   | Found a runed translucent gate.
 20828 | Lair:4   | Found a runed translucent gate.
 20828 | Lair:4   | Found a runed translucent gate.
 20828 | Lair:4   | Found a runed translucent gate.
 20833 | Lair:4   | Found a runed translucent gate.
 20935 | Lair:4   | Gained mutation: You are completely covered in molten
                  | scales. (AC +4, rF+) [demonic ancestry]
 20935 | Lair:4   | Reached XP level 14. HP: 109/124 MP: 21/24
 21050 | Lair:5   | Entered Level 5 of the Lair of Beasts
 21607 | Lair:5   | Reached skill level 15 in Invocations
 21735 | Lair:5   | Found a frozen archway.
 21763 | IceCv    | Entered an ice cave
 22488 | IceCv    | Received a gift from Nemelex Xobeh
 22859 | IceCv    | Noticed a reaper
 22866 | IceCv    | Killed a reaper
 23154 | Lair:5   | Identified the +4 sling of Desperation {drain, Int+6}
 23424 | Lair:5   | Reached skill level 15 in Unarmed Combat
 24165 | Lair:5   | Identified a scroll of acquirement
 24584 | Orc:1    | Entered Level 1 of the Orcish Mines
 24592 | Orc:1    | Noticed Harold
 24602 | Orc:1    | Killed Harold
 24867 | Orc:2    | Entered Level 2 of the Orcish Mines
 25071 | Orc:2    | Reached ****** piety under Nemelex Xobeh
 25071 | Orc:2    | Received a gift from Nemelex Xobeh
 25217 | Orc:2    | Found a staircase to the Elven Halls.
 25233 | Orc:2    | Gained mutation: When low on magic, you restore magic in
                  | place of health. [demonic ancestry]
 25233 | Orc:2    | Reached XP level 15. HP: 101/133 MP: 22/27
 25330 | Orc:2    | Noticed Donald
 25344 | Orc:2    | Killed Donald
 25608 | Orc:1    | Received a gift from Nemelex Xobeh
 25695 | Orc:1    | Acquired 691 gold pieces
 26176 | Orc:2    | Noticed Josephine
 26361 | Orc:2    | Killed Josephine
 26365 | Orc:2    | Paralysed by an ogre mage for 2 turns
 26606 | Orc:2    | Found Kuorazar's Magic Scroll Emporium.
 26606 | Orc:2    | Found Toarchoykh's Magic Scroll Shop.
 26610 | Orc:2    | Found Yzaokeof's Antique Armour Boutique.
 26610 | Orc:2    | Found Riud's Assorted Antiques.
 26718 | Orc:2    | Bought a scroll of blinking for 112 gold pieces
 26718 | Orc:2    | Bought a scroll of teleportation for 45 gold pieces
 26718 | Orc:2    | Bought a scroll of immolation for 60 gold pieces
 26718 | Orc:2    | Bought a scroll of poison for 60 gold pieces
 26718 | Orc:2    | Bought a scroll of fog for 60 gold pieces
 26718 | Orc:2    | Bought a scroll of fog for 60 gold pieces
 26718 | Orc:2    | Bought a scroll of identify for 30 gold pieces
 26718 | Orc:2    | Bought a scroll of identify for 30 gold pieces
 26723 | Orc:2    | Bought a pair of glowing boots for 187 gold pieces
 26735 | Orc:2    | Bought a scroll labelled HIFORO MIA for 25 gold pieces
 26736 | Orc:2    | Bought 3 scrolls of fear for 156 gold pieces
 26736 | Orc:2    | Bought a scroll of fear for 52 gold pieces
 26736 | Orc:2    | Bought a scroll of revelation for 97 gold pieces
 26736 | Orc:2    | Bought a scroll of teleportation for 39 gold pieces
 26736 | Orc:2    | Bought a scroll of identify for 26 gold pieces
 26736 | Orc:2    | Bought a scroll of identify for 26 gold pieces
 27214 | D:13     | Received a gift from Nemelex Xobeh
 27960 | D:13     | Identified the +10 sling of Kismet {drain, Fly rElec Int+8
                  | Dex-5}
 28409 | D:13     | Received a gift from Nemelex Xobeh
 28615 | D:14     | Received a gift from Nemelex Xobeh
 28635 | D:14     | Found a gate to the Vaults.
 30255 | D:15     | Entered Level 15 of the Dungeon
 30472 | D:15     | Reached XP level 16. HP: 122/143 MP: 25/29
 30480 | D:15     | Found a staircase to the Depths.
 31358 | D:15     | Noticed Jorgrun
 31372 | D:15     | Killed Jorgrun
 31681 | D:15     | Received a gift from Nemelex Xobeh
 31951 | D:15     | Found a broken altar of Ashenzari.
 32415 | Elf:1    | Entered Level 1 of the Elven Halls
 32464 | Elf:1    | Paralysed by an air elemental for 1 turns
 32547 | Elf:1    | Received a gift from Nemelex Xobeh
 32821 | Elf:1    | Paralysed by an air elemental for 1 turns
 32894 | Elf:1    | Found a magical portal.
 32903 | WizLab   | Entered The Chambers of the Cloud Mage
 32935 | WizLab   | Paralysed by an air elemental for 1 turns
 32994 | WizLab   | Paralysed by an air elemental for 1 turns
 33039 | WizLab   | Paralysed by an air elemental for 1 turns
 33043 | WizLab   | Paralysed by an air elemental for 1 turns
 33206 | WizLab   | Paralysed by an air elemental for 1 turns
 33849 | WizLab   | Paralysed by an air elemental for 1 turns
 33854 | WizLab   | Paralysed by an air elemental for 1 turns
 34326 | WizLab   | Received a gift from Nemelex Xobeh
 34327 | WizLab   | Paralysed by an air elemental for 1 turns
 35334 | WizLab   | Identified the ring "Gucwigge" {rPois rF+ rCorr Int+3
                  | Dex+3}
 35334 | WizLab   | Noticed Ruobaudo
 35349 | WizLab   | Killed Ruobaudo the Cloud Mage
 35399 | WizLab   | Got the Collected Works on Inhalation
 35714 | Elf:1    | Paralysed by an air elemental for 1 turns
 35716 | Elf:1    | Paralysed by an air elemental for 1 turns
 36836 | Elf:2    | Noticed Louise
 36845 | Elf:2    | Reached XP level 17. HP: 103/153 MP: 22/30
 36884 | Elf:2    | Killed Louise
 37348 | Elf:2    | Found a runed translucent gate.
 37355 | Elf:2    | Found a runed translucent gate.
 37355 | Elf:2    | Found a runed translucent gate.
 37471 | Elf:2    | Found Souj Cea's Book Boutique.
 37521 | Elf:2    | Found Uzikkico's Magic Scroll Boutique.
 37526 | Elf:2    | Bought a scroll of acquirement for 884 gold pieces
 37527 | Elf:2    | Acquired the ring of the Failed Coup {rElec Str+6 Int+2}
 37683 | Elf:2    | Noticed Zoguozuq's ghost (journeyman GnWn)
 37683 | Elf:2    | Noticed Wedibyb's ghost (adept DsGl)
 37684 | Elf:2    | Found a runed translucent gate.
 37684 | Elf:2    | Noticed grandjackal's ghost (adept DsGl)
 37685 | Elf:2    | Found a runed translucent gate.
 37685 | Elf:2    | Found a runed translucent gate.
 37685 | Elf:2    | Noticed Fymemafa's ghost (adept DEHW)
 37699 | Elf:2    | Found Navoekhlur's General Store.
 37708 | Elf:2    | Bought a scroll of teleportation for 42 gold pieces
 37864 | Elf:2    | Found Loudaofoje's Magic Scroll Shop.
 37867 | Elf:2    | Bought a scroll of teleportation for 54 gold pieces
 37867 | Elf:2    | Bought a scroll of fog for 72 gold pieces
 37867 | Elf:2    | Bought a scroll of fear for 72 gold pieces
 37867 | Elf:2    | Bought a scroll of teleportation for 54 gold pieces
 37985 | Elf:3    | Entered Level 3 of the Elven Halls
 37993 | Elf:3    | Received a gift from Nemelex Xobeh
 38308 | Elf:3    | Found a runed translucent door.
 38310 | Elf:3    | Noticed bakla's ghost (adept OnHu)
 38530 | Elf:3    | Noticed Bai Suzhen
 38550 | Elf:3    | Killed Bai Suzhen
 39151 | Elf:3    | Got the Handbook of Battle Magic
 39361 | Elf:3    | Noticed a deep elf blademaster
 39365 | Elf:3    | Identified the +3 demon trident "Xoiv" {venom, rElec rF+
                  | Str+4 Stlth+}
 39369 | Elf:3    | Noticed a deep elf blademaster
 39378 | Elf:3    | Killed a deep elf blademaster
 39383 | Elf:3    | Killed a deep elf blademaster
 39878 | Elf:3    | Noticed a deep elf master archer
 39884 | Elf:3    | Killed a deep elf master archer
 39884 | Elf:3    | Noticed a deep elf master archer
 39889 | Elf:3    | Killed a deep elf master archer
 39890 | Elf:3    | Identified the +6 great sword of Dissolution {protect,
                  | Str+3} (You took it off a deep elf death mage on level 3 of
                  | the Elven Halls)
 40316 | Abyss:2  | Cast into level 2 of the Abyss (a deep elf demonologist)
 40369 | Abyss:2  | Received a gift from Nemelex Xobeh
 40859 | Abyss:3  | Gained mutation: You have hidden genetic defects. [a
                  | neqoxec]
 40860 | Abyss:3  | Gained mutation: You are weak. (Str -2) [a neqoxec]
 40888 | Abyss:3  | Found a corrupted altar of Lugonu.
 41152 | Elf:3    | Escaped the Abyss
 41158 | Elf:3    | Noticed a Hell Sentinel
 41160 | Elf:3    | Reached XP level 18. HP: 63/162 MP: 32/32
 41369 | Elf:3    | Lost mutation: You are weak. (Str -2) [potion of mutation]
 41369 | Elf:3    | Lost mutation: You have hidden genetic defects. [potion of
                  | mutation]
 41369 | Elf:3    | Gained mutation: You are strong-willed. (Will+) [potion of
                  | mutation]
 41369 | Elf:3    | Gained mutation: You expend magic power (3 MP) to
                  | strengthen your wands. [potion of mutation]
 41369 | Elf:3    | Gained mutation: You passively map a small area around you.
                  | [potion of mutation]
 41403 | Elf:3    | Identified the +8 dagger of Foolhardiness {pain, rElec
                  | rCorr}
 41423 | Elf:3    | Identified the +1 halberd of Tidy {venom, rF+ Int+3 Stlth+}
 41423 | Elf:3    | Identified the amulet of Gluttony {Acrobat +Inv Dex+2
                  | Slay+3}
 41704 | Elf:3    | Identified the +10 spear "Zefup" {drain, rPois}
 41704 | Elf:3    | Identified the ring of Femew {rPois rN+ SInv}
 41741 | Elf:3    | Received a gift from Nemelex Xobeh
 41834 | Elf:3    | Found the +7 hand cannon "Mule" {flame, backblast, rF+}
 41837 | Elf:3    | Identified the +1 scimitar of the Viny God {flame, rPois
                  | Will+ Str-5 Int+7}
 41837 | Elf:3    | Identified the +9 plate armour "Fufaocsepp" {^Contam rElec
                  | rCorr Dex+2}
 41854 | Elf:3    | Identified the staff of the Wraith {rPois MP+9 Alchemy}
 41945 | Elf:3    | Identified the +2 sling of Greatest Utility {heavy, rF+ rN+
                  | Will+}
 42577 | Snake:1  | Entered Level 1 of the Snake Pit
 43022 | Snake:1  | Received a gift from Nemelex Xobeh
 43779 | Snake:2  | Found a gateway to a bazaar.
 43805 | Snake:2  | Received a gift from Nemelex Xobeh
 44398 | Snake:2  | Received a gift from Nemelex Xobeh
 45831 | Snake:3  | Received a gift from Nemelex Xobeh
 46168 | Snake:3  | Received a gift from Nemelex Xobeh
 46331 | Snake:4  | Entered Level 4 of the Snake Pit
 46543 | Snake:4  | HP: 6/166 [naga/+0 flail (13)]
 47657 | Snake:4  | Gained mutation: You are powered by pain. [demonic
                  | ancestry]
 47657 | Snake:4  | Reached XP level 19. HP: 140/172 MP: 30/34
 48536 | Snake:4  | Got a serpentine rune of Zot
 48686 | Shoals:1 | Entered Level 1 of the Shoals
 49250 | Shoals:1 | Received a gift from Nemelex Xobeh
 50380 | Shoals:2 | Received a gift from Nemelex Xobeh
 51388 | Shoals:3 | Received a gift from Nemelex Xobeh
 52319 | Shoals:4 | Entered Level 4 of the Shoals
 52499 | Shoals:4 | Received a gift from Nemelex Xobeh
 52835 | Shoals:4 | Identified the ring "Qoitwix" {Will+ Int+4 Stlth+}
 52890 | Shoals:4 | Noticed Ilsuiw
 52895 | Shoals:4 | Ilsuiw changed into Ilsuiw the great orb of eyes
 52895 | Shoals:4 | Noticed Ilsuiw
 52896 | Shoals:4 | Killed Ilsuiw the great orb of eyes
 53417 | Shoals:4 | Received a gift from Nemelex Xobeh
 53849 | Shoals:4 | Got a barnacled rune of Zot
 54263 | Slime:1  | Entered Level 1 of the Pits of Slime
 54741 | Slime:1  | Received a gift from Nemelex Xobeh
 55705 | Slime:2  | Gained mutation: You punish those that try to bend your
                  | will. (Will+) [demonic ancestry]
 55705 | Slime:2  | Reached XP level 20. HP: 134/182 MP: 34/36
 56021 | Slime:3  | Received a gift from Nemelex Xobeh
 56404 | Slime:5  | Entered Level 5 of the Pits of Slime
 56706 | Slime:4  | Received a gift from Nemelex Xobeh
 57521 | Slime:5  | Noticed the Royal Jelly
 58418 | Slime:5  | the Royal Jelly changed into a caustic shrike shaped Royal
                  | Jelly
 58418 | Slime:5  | Noticed a caustic shrike shaped Royal Jelly
 58423 | Slime:5  | Killed a caustic shrike shaped Royal Jelly
 59608 | Slime:5  | HP: 9/184 [acid blob/splash of acid[the Royal Jelly] (3)]
 60377 | Slime:5  | Found the +3 pair of mountain boots {steadfast, rC+}
 60432 | Slime:5  | Found the +0 mask of the Dragon {Will+ Slay+3 SInv}
 60432 | Slime:5  | Found the +3 giant club "Skullcrusher" {speed, Str+7}
 60459 | Slime:5  | Got Sorcery in Simple Steps
 60476 | Slime:5  | Identified the ring of the Filigreed Lime {rElec rF+ rN+
                  | MP+9}
 60484 | Slime:5  | Got a slimy rune of Zot
 60542 | Slime:5  | Identified the +1 helmet of Limitation {rPois Dex+3}
 60698 | Slime:2  | Received a gift from Nemelex Xobeh
 61128 | Vaults:1 | Entered Level 1 of the Vaults
 61695 | Vaults:1 | Reached skill level 1 in Armour
 62993 | Vaults:1 | Received a gift from Nemelex Xobeh
 63690 | Vaults:2 | Gained mutation: You are resistant to unholy torment.
                  | [demonic ancestry]
 63690 | Vaults:2 | Reached XP level 21. HP: 149/192 MP: 37/37
 64047 | Vaults:2 | Paralysed by a formless jellyfish for 1 turns
 64050 | Vaults:2 | Reached skill level 5 in Dodging
 64167 | Vaults:2 | Noticed Zenata
 64964 | Vaults:2 | Received a gift from Nemelex Xobeh
 65179 | Vaults:2 | Received a gift from Nemelex Xobeh
 65633 | Vaults:2 | Received a gift from Nemelex Xobeh
 65811 | Vaults:3 | Noticed Norris
 65820 | Vaults:3 | Killed Norris
 66198 | Vaults:3 | Noticed Jory
 66218 | Vaults:3 | Killed Jory
 66415 | Vaults:3 | Reached skill level 5 in Armour
 66958 | Vaults:3 | Received a gift from Nemelex Xobeh
 67132 | Vaults:3 | Found a staircase to the Crypt.
 67538 | Vaults:3 | Identified the +3 mace of Gomat {protect, rC++ Int-3 Dex+2}
 68398 | Vaults:4 | Identified the +1 rapier of Terror {heavy, rPois rF- rCorr
                  | Int-4}
 68903 | Vaults:4 | Reached XP level 22. HP: 154/202 MP: 39/39
 69247 | Depths:1 | Entered Level 1 of the Depths
 69291 | Depths:1 | Found Oshrotepn's Book Emporium.
 69292 | Depths:1 | Found Rete's Jewellery Shop.
 69295 | Depths:1 | Found Hyinon's Book Emporium.
 69729 | Depths:1 | Received a gift from Nemelex Xobeh
 69832 | Depths:1 | Found a one-way gateway to a ziggurat.
 69996 | Depths:1 | Found a one-way gate to the infinite horrors of the Abyss.
 70513 | Depths:1 | Noticed Nikola
 70544 | Depths:1 | Killed Nikola
 70687 | Depths:1 | Identified the +7 broad axe of Yredelemnul's Approval
                  | {venom, rF- Int+7}
 71029 | Depths:1 | Found a gateway to Hell.
 71467 | Crypt:1  | Entered Level 1 of the Crypt
 71599 | Crypt:1  | Received a gift from Nemelex Xobeh
 72292 | Crypt:1  | Noticed Boris
 72302 | Crypt:1  | Killed Boris
 72409 | Crypt:1  | Received a gift from Nemelex Xobeh
 72456 | Crypt:1  | Reached skill level 27 in Invocations
 72745 | Crypt:2  | Noticed a dread lich
 72758 | Crypt:2  | Killed a dread lich
 73211 | Crypt:2  | Received a gift from Nemelex Xobeh
 73239 | Crypt:2  | Noticed Boris
 73255 | Crypt:2  | Killed Boris
 73942 | Crypt:3  | Entered Level 3 of the Crypt
 73954 | Crypt:3  | Received a gift from Nemelex Xobeh
 74296 | Crypt:3  | Identified the +4 falchion of Contention {venom, rC+}
 74532 | Crypt:3  | Received a gift from Nemelex Xobeh
 74698 | Crypt:3  | Reached XP level 23. HP: 175/208 MP: 40/40
 74716 | Crypt:3  | Noticed Boris
 74726 | Crypt:3  | Killed Boris
 75327 | Crypt:3  | Found a staircase to the Tomb.
 75962 | Crypt:3  | Noticed an ancient lich
 75962 | Crypt:3  | Noticed a dread lich
 75972 | Crypt:3  | Killed an ancient lich
 75973 | Crypt:3  | Reached skill level 10 in Dodging
 75981 | Crypt:3  | Killed a dread lich
 75986 | Crypt:3  | Found the +3 crown of Dyrovepreva {rElec Int+2 SInv}
 76176 | Crypt:3  | Got Sif Muna's Anthology of Virulence and Adjuration
 76184 | Crypt:3  | Identified the +1 chain mail of Resourcefulness {Will+}
 76189 | Crypt:3  | Identified the +9 long sword "Fian Ida" {flame, Stlth+}
 76281 | Abyss:3  | Noticed a dread lich
 76281 | Abyss:3  | Cast into level 3 of the Abyss (necromancer)
 76292 | Abyss:3  | Killed a dread lich
 76300 | Crypt:3  | Escaped the Abyss
 76307 | Crypt:3  | Received a gift from Nemelex Xobeh
 76377 | Crypt:3  | Found an ancient bone altar of Kikubaaqudgha.
 76996 | Depths:2 | Found a one-way gate leading to the halls of Pandemonium.
 77032 | Depths:2 | Reached skill level 10 in Armour
 78107 | Depths:2 | Found Ubbi's Book Shoppe.
 78534 | Depths:2 | Received a gift from Nemelex Xobeh
 78950 | Depths:3 | Found Wooxuv's Book Shop.
 79540 | Depths:3 | Gained mutation: You can hurl damnation. [demonic ancestry]
 79540 | Depths:3 | Reached XP level 24. HP: 186/220 MP: 40/40
 79654 | Depths:3 | Received a gift from Nemelex Xobeh
 79711 | Depths:3 | Noticed Boris
 79727 | Depths:3 | Killed Boris
 80160 | Depths:3 | Found Biytuc's Antique Weapon Boutique.
 80178 | Depths:3 | Found Qerixus's Magic Scroll Boutique.
 80178 | Depths:3 | Found Camumum's Jewellery Shop.
 80188 | Depths:3 | Found Gijeqem's Jewellery Shop.
 80191 | Depths:3 | Bought a scroll of teleportation for 57 gold pieces
 80191 | Depths:3 | Bought a scroll of fear for 76 gold pieces
 80191 | Depths:3 | Bought a scroll of butterflies for 76 gold pieces
 80191 | Depths:3 | Bought a scroll of fear for 76 gold pieces
 80191 | Depths:3 | Bought a scroll of butterflies for 76 gold pieces
 80236 | Depths:3 | Received a gift from Nemelex Xobeh
 81454 | Depths:4 | Entered Level 4 of the Depths
 81804 | Depths:4 | Found a shadowy altar of Dithmenos.
 82171 | Depths:4 | Noticed the Enchantress
 82180 | Depths:4 | Killed the Enchantress
 82935 | Depths:4 | Received a gift from Nemelex Xobeh
 83142 | Depths:4 | Found a gate to the Realm of Zot.
 83505 | Zot:1    | Entered Level 1 of the Realm of Zot
 84103 | Zot:1    | Received a gift from Nemelex Xobeh
 85194 | Zot:2    | Reached XP level 25. HP: 158/230 MP: 40/40
 85588 | Zot:2    | Identified the +1 trident "Keuthruod" {venom, rN+ Int+4
                  | Dex+3}
 85891 | Zot:2    | Received a gift from Nemelex Xobeh
 86551 | Zot:3    | Received a gift from Nemelex Xobeh
 87344 | Zot:3    | Received a gift from Nemelex Xobeh
 87632 | Zot:4    | Noticed a Killer Klown
 87656 | Zot:4    | Killed a Killer Klown
 87837 | Zot:4    | Identified the +6 great sword of the Demagogue {chaos,
                  | *Rage rElec rCorr Dex+5}
 87837 | Zot:4    | Identified the +6 scale mail of Vaox {Regen+}
 87838 | Zot:4    | Found a large runed translucent door.
 87839 | Zot:4    | Found a large runed translucent door.
 87840 | Zot:4    | Found a large runed translucent door.
 87840 | Zot:4    | Found a shimmering altar of Xom.
 87840 | Zot:4    | Noticed a Killer Klown
 87840 | Zot:4    | Noticed a Killer Klown
 87862 | Zot:4    | Identified the +6 hand cannon "Sacagu Voga" {chaos, Fly rF+
                  | rCorr Dex-2}
 87862 | Zot:4    | Identified the +5 dire flail "Dragon's Tongue" {chaos,
                  | rElec Will- rCorr SInv}
 87862 | Zot:4    | Identified the +0 robe "Lysaick" {+Inv}
 87866 | Zot:4    | Killed a Killer Klown
 87869 | Zot:4    | Noticed a Killer Klown
 87872 | Zot:4    | Noticed a Killer Klown
 87873 | Zot:4    | Killed a Killer Klown
 88275 | Zot:4    | Received a gift from Nemelex Xobeh
 88385 | Zot:4    | Noticed a Killer Klown
 88385 | Zot:4    | Identified the +7 battleaxe of Red Wine {chaos, rElec
                  | Int+3}
 88385 | Zot:4    | Identified the +1 chain mail of the Learner {Harm rPois rC+
                  | Int-3}
 88397 | Zot:4    | Killed a Killer Klown
 88504 | Zot:4    | Found a large runed translucent door.
 88505 | Zot:4    | Found a large runed translucent door.
 88506 | Zot:4    | Identified the +2 battleaxe "Fulev" {chaos, rF++ rN+ Will+
                  | Int-3}
 88506 | Zot:4    | Identified the +5 chain mail of Baleful Tender Moments
                  | {Fly}
 88510 | Zot:4    | Found a large runed translucent door.
 88510 | Zot:4    | Found a large runed translucent door.
 88522 | Zot:4    | Identified the +0 glaive "Kukao" {chaos, rF- rCorr Str+5
                  | SInv}
 88522 | Zot:4    | Identified the +0 ring mail of Impermeability {rPois}
 88528 | Zot:4    | Found a large runed translucent door.
 88539 | Zot:4    | Identified the +4 glaive "Ihishrenka" {chaos, Stlth+}
 88539 | Zot:4    | Identified the +0 ring mail of Ennui {Rampage rF+ rC-
                  | Dex+2}
 88826 | Zot:4    | Killed a Killer Klown
 88834 | Zot:4    | Killed a Killer Klown
 89256 | Zot:5    | Entered Level 5 of the Realm of Zot
 89536 | Zot:5    | Noticed an orb of fire
 89548 | Zot:5    | Killed an orb of fire
 90080 | Zot:5    | Noticed an orb of fire
 90088 | Zot:5    | Killed an orb of fire
 90177 | Zot:5    | Received a gift from Nemelex Xobeh
 90530 | Zot:5    | Noticed an ancient lich
 90537 | Zot:5    | Killed an ancient lich
 90554 | Zot:5    | Reached XP level 26. HP: 229/240 MP: 40/40
 90564 | Zot:5    | Noticed an orb of fire
 90564 | Zot:5    | Noticed an orb of fire
 90573 | Zot:5    | Gained mutation: Your magical capacity is low. (-10% MP)
                  | [an orb of fire]
 90579 | Zot:5    | Gained mutation: Your spells are a little easier to cast,
                  | but a little less powerful. [an orb of fire]
 90580 | Zot:5    | Gained mutation: Your health recovers twice as slowly from
                  | being drained. [an orb of fire]
 90584 | Zot:5    | Killed an orb of fire
 90587 | Zot:5    | Gained mutation: You sometimes lose your temper in combat.
                  | [an orb of fire]
 90590 | Zot:5    | Killed an orb of fire
 90640 | Zot:5    | Reached skill level 15 in Dodging
 91430 | Zot:5    | Noticed an orb of fire
 91439 | Zot:5    | Killed an orb of fire
 91440 | Zot:5    | Noticed an orb of fire
 91448 | Zot:5    | Gained mutation: Your body sometimes deteriorates upon
                  | taking damage. [an orb of fire]
 91453 | Zot:5    | Gained mutation: You are clumsy. (Dex -2) [an orb of fire]
 91464 | Zot:5    | Gained mutation: [Armour fits poorly on your strangely
                  | shaped body.] [an orb of fire]
 91599 | Zot:5    | Killed an orb of fire
 91609 | Zot:5    | Noticed a dread lich
 92036 | Zot:5    | Noticed a dread lich
 92207 | Zot:5    | Killed a dread lich
 92208 | Zot:5    | Reached skill level 27 in Fighting
 92208 | Zot:5    | Reached skill level 15 in Armour
 92419 | Zot:5    | Noticed an ancient lich
 92427 | Zot:5    | Killed a dread lich
 92435 | Zot:5    | Killed an ancient lich
 92621 | Zot:5    | Lost mutation: Your magical capacity is low. (-10% MP)
                  | [potion of mutation]
 92621 | Zot:5    | Lost mutation: Your health recovers twice as slowly from
                  | being drained. [potion of mutation]
 92621 | Zot:5    | Gained mutation: You are very clumsy. (Dex -4) [potion of
                  | mutation]
 92621 | Zot:5    | Lost mutation: Your spells are a little easier to cast, but
                  | a little less powerful. [potion of mutation]
 92621 | Zot:5    | Lost mutation: You sometimes lose your temper in combat.
                  | [potion of mutation]
 92622 | Zot:5    | Lost mutation: Your body sometimes deteriorates upon taking
                  | damage. [potion of mutation]
 92622 | Zot:5    | Lost mutation: [Armour fits poorly on your strangely shaped
                  | body.] [potion of mutation]
 92622 | Zot:5    | Gained mutation: You occasionally lose the ability to read
                  | scrolls when taking damage. [potion of mutation]
 92622 | Zot:5    | Lost mutation: You are strong-willed. (Will+) [potion of
                  | mutation]
 92623 | Zot:5    | Lost mutation: You expend magic power (3 MP) to strengthen
                  | your wands. [potion of mutation]
 92623 | Zot:5    | Lost mutation: You are very clumsy. (Dex -4) [potion of
                  | mutation]
 92623 | Zot:5    | Lost mutation: You occasionally lose the ability to read
                  | scrolls when taking damage. [potion of mutation]
 92623 | Zot:5    | Gained mutation: You have supernaturally acute eyesight.
                  | (SInv) [potion of mutation]
 92783 | Depths:3 | Voluntarily entered the Abyss.
 92783 | Abyss:3  | Received a gift from Nemelex Xobeh
 92783 | Abyss:3  | Found a corrupted altar of Lugonu.
 92825 | Abyss:3  | Found a corrupted altar of Lugonu.
 92843 | Abyss:3  | Noticed an ancient lich
 92852 | Abyss:3  | Killed an ancient lich
 92854 | Abyss:3  | Found a corrupted altar of Lugonu.
 93170 | Abyss:3  | Received a gift from Nemelex Xobeh
 93427 | Abyss:4  | Received a gift from Nemelex Xobeh
 93471 | Abyss:4  | Got an abyssal rune of Zot
 93526 | Depths:3 | Escaped the Abyss
 94049 | Vaults:5 | Entered Level 5 of the Vaults
 94062 | Vaults:5 | Reached XP level 27. HP: 178/249 MP: 40/40
 94097 | Vaults:5 | Identified the ring of Kimniops {Fire Will+ rCorr}
 94132 | Vaults:5 | Noticed an ancient lich
 94188 | Vaults:5 | Noticed an ancient lich
 94193 | Vaults:5 | Killed an ancient lich
 94197 | Vaults:5 | Killed an ancient lich
 94464 | Vaults:5 | Noticed a dread lich
 94471 | Vaults:5 | Killed a dread lich
 94748 | Vaults:5 | Received a gift from Nemelex Xobeh
 94912 | Vaults:5 | Acquired 683 gold pieces
 95178 | Vaults:5 | Identified the +0 plate armour of Polytheism {rF++ MP+9
                  | Dex-3}
 95196 | Vaults:5 | Identified the staff "Huoceol" {rPois rC+ Dex+3 Ice}
 95570 | Vaults:5 | Received a gift from Nemelex Xobeh
 95675 | Vaults:5 | Got a silver rune of Zot
 96042 | Vaults:2 | Killed Zenata
 96298 | D:5      | Bought a manual of Evocations for 1040 gold pieces
 96747 | Tomb:1   | Entered Level 1 of the Tomb of the Ancients
 96800 | Tomb:1   | Noticed Boris
 96812 | Tomb:1   | Killed Boris
 96813 | Tomb:1   | Reached skill level 1 in Evocations
 97046 | Tomb:1   | Received a gift from Nemelex Xobeh
 97406 | Tomb:1   | Identified the +4 ring mail of Dishonesty {*Slow +Inv
                  | Dex+4}
 97502 | Tomb:1   | Noticed a royal mummy
 97506 | Tomb:1   | Noticed a royal mummy
 97516 | Tomb:1   | Killed a royal mummy
 97522 | Tomb:1   | Killed a royal mummy
 97548 | Tomb:1   | Noticed a royal mummy
 97940 | Tomb:1   | Received a gift from Nemelex Xobeh
 97945 | Tomb:1   | Noticed a royal mummy
 97948 | Tomb:1   | Reached skill level 5 in Evocations
 97964 | Tomb:1   | Killed a royal mummy
 97965 | Tomb:1   | Gained mutation: You are very clumsy. (Dex -4) [mutagenic
                  | glow]
 97978 | Tomb:1   | Gained mutation: You are vulnerable to heat. (rF-)
                  | [mutagenic glow]
 97992 | Tomb:1   | Gained mutation: Your health recovers twice as slowly from
                  | being drained. [mutagenic glow]
 98010 | Tomb:1   | Lost mutation: You are vulnerable to heat. (rF-) [potion of
                  | mutation]
 98010 | Tomb:1   | Lost mutation: You passively map a small area around you.
                  | [potion of mutation]
 98010 | Tomb:1   | Gained mutation: You are dopey. (Int -2) [potion of
                  | mutation]
 98010 | Tomb:1   | Lost mutation: Your health recovers twice as slowly from
                  | being drained. [potion of mutation]
 98300 | Tomb:1   | Killed a royal mummy
 98571 | Tomb:2   | Noticed a royal mummy
 98577 | Tomb:2   | Killed a royal mummy
 98583 | Tomb:2   | Noticed a royal mummy
 98600 | Tomb:2   | Noticed a royal mummy
 98633 | Tomb:2   | Identified the +0 trident of the Nexus {flame, +Blink Str+3
                  | Dex+3}
 98633 | Tomb:2   | Noticed a royal mummy
 98634 | Tomb:2   | Killed a royal mummy
 98674 | Tomb:2   | HP: 11/247 [poison (dark miasma)]
 99082 | Tomb:3   | Entered Level 3 of the Tomb of the Ancients
 99103 | Tomb:3   | Noticed a royal mummy
 99106 | Tomb:3   | Received a gift from Nemelex Xobeh
 99114 | Tomb:3   | Noticed Khufu
 99129 | Tomb:3   | Killed Khufu
 99130 | Tomb:3   | Noticed a royal mummy
 99132 | Tomb:3   | Identified the +3 demon trident of Lakkadghe {vamp, rCorr
                  | Int-2 Dex+2}
 99139 | Tomb:3   | Noticed a royal mummy
 99144 | Tomb:3   | Killed a royal mummy
 99147 | Tomb:3   | HP: 9/249 [something (8)]
 99153 | Tomb:3   | Killed a royal mummy
 99172 | Tomb:3   | Noticed a royal mummy
 99185 | Tomb:3   | Killed a royal mummy
 99206 | Tomb:3   | Noticed a royal mummy
 99218 | Tomb:3   | Killed a royal mummy
 99227 | Tomb:3   | Noticed a royal mummy
 99244 | Tomb:3   | Killed a royal mummy
 99683 | Tomb:3   | Got a golden rune of Zot
 99727 | Tomb:3   | Noticed a royal mummy
 99753 | Tomb:3   | Killed a royal mummy
100062 | Tomb:3   | Noticed a royal mummy
100068 | Tomb:3   | Killed a royal mummy
100401 | Tomb:3   | Reached skill level 10 in Evocations
100530 | Tomb:3   | Killed a royal mummy
100947 | Tomb:3   | Found the ring of the Tortoise {AC+8}
100950 | Tomb:3   | Found the +3 Elemental Staff {ele, rElec rF+ rC+ AC+3}
100988 | Tomb:3   | Identified the ring "Qaxzeps" {*Corrode rC- Will+ Str+8
                  | Dex+8}
100991 | Tomb:3   | Identified the ring "Ytiq" {rN+ rCorr}
101028 | Tomb:3   | Identified the ring "Qiruucud" {Fly rN+ Will+ Dex+6 Stlth-}
101047 | Tomb:3   | Identified the staff "Senoedey" {rElec rC+ Air}
101060 | Tomb:3   | Identified the +6 sling of the Special Stories {speed,
                  | rPois rF+ Str-3}
101064 | Tomb:3   | Identified the +1 leather armour "Nuti" {Str+2 SInv}
101066 | Tomb:3   | Identified the staff "Xeimul" {rPois rF+ rC+ Str-4 Int+3
                  | Ice}
101097 | Tomb:3   | Identified the staff of Igenuebb {rElec Will++ Air}
101788 | Hell     | Entered the Vestibule of Hell
101788 | Hell     | Noticed Geryon
101797 | Hell     | Killed Geryon
103566 | Hell     | Found a gateway to the Iron City of Dis.
103620 | Hell     | Found a gateway to the freezing wastes of Cocytus.
103711 | Hell     | Found a gateway to the decaying netherworld of Tartarus.
103790 | Hell     | Received a gift from Nemelex Xobeh
103793 | Hell     | Found a gateway to the ashen valley of Gehenna.
103901 | Coc:1    | Entered Level 1 of Cocytus
105067 | Coc:4    | Noticed an ancient lich
105174 | Coc:4    | Noticed a dread lich
105195 | Coc:4    | Killed a dread lich
106146 | Coc:1    | Reached skill level 27 in Unarmed Combat
106354 | Pan      | Entered Pandemonium
106354 | Pan      | Received a gift from Nemelex Xobeh
106479 | Pan      | Gained mutation: You are vulnerable to heat. (rF-) [a
                  | cacodemon]
106492 | Pan      | Lost mutation: You are very clumsy. (Dex -4) [potion of
                  | mutation]
106492 | Pan      | Lost mutation: You are dopey. (Int -2) [potion of mutation]
106492 | Pan      | Gained mutation: You are dopey. (Int -2) [potion of
                  | mutation]
106492 | Pan      | Lost mutation: You are clumsy. (Dex -2) [potion of
                  | mutation]
106492 | Pan      | Gained mutation: You have a pair of small horns on your
                  | head. [potion of mutation]
106494 | Pan      | Lost mutation: You are vulnerable to heat. (rF-) [potion of
                  | mutation]
106494 | Pan      | Lost mutation: You have a pair of small horns on your head.
                  | [potion of mutation]
106494 | Pan      | Gained mutation: Your flesh is cold resistant. (rC+)
                  | [potion of mutation]
106494 | Pan      | Gained mutation: You are agile. (Dex +4, Str/Int -1)
                  | [potion of mutation]
106494 | Pan      | Gained mutation: Your muscles are strong. (Str +4, Int/Dex
                  | -1) [potion of mutation]
106684 | Pan      | Gained mutation: You are very dopey. (Int -4) [a cacodemon]
106889 | Pan      | Received a gift from Nemelex Xobeh
107329 | Pan      | Noticed Tamuefu the pandemonium lord
107843 | Pan      | Entered the realm of Gloorx Vloq.
107843 | Pan      | Received a gift from Nemelex Xobeh
108819 | Pan      | Noticed Gloorx Vloq
108829 | Pan      | Killed Gloorx Vloq
108845 | Pan      | Got a dark rune of Zot
109241 | Pan      | Reached skill level 15 in Evocations
109615 | Pan      | Received a gift from Nemelex Xobeh
111618 | Pan      | Gained mutation: You sometimes lose your temper in combat.
                  | [a cacodemon]
111787 | Pan      | Noticed Xuecw the pandemonium lord
111798 | Pan      | Gained mutation: You occasionally lose the ability to read
                  | scrolls when taking damage. [a cacodemon]
111804 | Pan      | Killed Xuecw the pandemonium lord
111980 | Depths:2 | Escaped Pandemonium
112263 | Coc:4    | Lost intelligence.
112305 | Coc:4    | Killed an ancient lich
112634 | Coc:6    | HP: 10/202 [harpy simulacrum (3)]
112636 | Coc:6    | HP: 4/202 [drowned by a water elemental[an elemental
                  | wellspring] (3)]
112636 | Coc:6    | Killed from afar by an elemental wellspring

Illustrated notes

Levels and vault maps discovered:
D:1:      psy_arrival_fountain, layout_rooms, hangedman_glass_teeth,
          minmay_lizard_king
D:2:      minmay_chambers_of_twos, layout_loops_ring,
          dreamdust_ecumenical_altar_sealed_demon, serial_shops,
          nicolae_shop_bloodbath_and_beyond
D:3:      layout_basic, lemuel_coloured_pillars_altar,
          mainiacjoe_overflow_catwalk, uniq_ijyb, uniq_grinder, uniq_robin
D:4:      layout_loops_ring, ebering_ghost_sewer_f, serial_bayou,
          serial_bayou_pond_e, serial_bayou_lake_a, serial_bayou_shore_a,
          serial_bayou_crossing
D:5:      minmay_chambers_of_fours, layout_layer_cave, nicolae_shop_vocational,
          uniq_sigmund
D:6:      layout_layer_cave, serial_shops, nicolae_shop_tiny_real_fake_doors,
          uniq_prince_ribbit1, uniq_eustachio, uniq_menkaure
D:7:      layout_basic, minmay_temple_entry_junction_2, enter_bailey_7,
          uniq_maggie
D:8:      layout_rooms, uniq_grum
D:9:      layout_irregular_city, grunt_temple_overflow_open, erik_lair_dragon,
          uniq_erolcha
D:10:     layout_roguey, nicolae_vehumet_altar_sigil
D:11:     layout_gridville
D:12:     layout_irregular_city, zombieorc2_lemuel, lemuel_old_faithful,
          uniq_nessos
D:13:     layout_grid_maze
D:14:     layout_stronghold, hellmonk_vaults_order_and_chaos,
          chequers_serial_rivers_marsh, fungi_pond_lemuel
D:15:     gammafunk_depths_entry_grave, layout_stronghold, basic_altar,
          uniq_jorgrun
Temple:   nicolae_temple_superstar
Lair:1:   layout_regular_city
Lair:2:   layout_regular_city, chequers_serial_rivers_room_a,
          grunt_megastairs_1, uniq_urug
Lair:3:   layout_layer_cave, elwin_shoals_entry_rooms,
          nicolae_snake_entry_warm_welcome, enter_volcano_4, grunt_megastairs_2
Lair:4:   gammafunk_indiana_jones, layout_long_grid, slime_entry_1,
          infiniplex_staircase_pool, uniq_sonja
Lair:5:   evilmike_catoblepas_cave, layout_loops_ring,
          portal_ice_cave_entry_pillars_2
Shoals:1: layout_shoals
Shoals:2: layout_shoals
Shoals:3: layout_shoals
Shoals:4: shoals_end_hangedman, layout_shoals, shoals_ilsuiw_alternative
Snake:1:  layout_misc_corridors
Snake:2:  nicolae_snakescales, layout_chambers, serial_shops, statue_bzr
Snake:3:  layout_basic
Snake:4:  grunt_snake_rune_pools, layout_onion_interference,
          serial_bayou_shore_b
Slime:1:  layout_caves, cheibrodos_slime_lost_civilization_5
Slime:2:  layout_caves
Slime:3:  layout_caves
Slime:4:  layout_caves
Slime:5:  slime_pit_nicolae_royal_road_to_ruin
Orc:1:    layout_diamond_mine, roderic_batcave, uniq_harold
Orc:2:    st_orc_ogre_mass, layout_diamond_mine, basic_altar, uniq_donald,
          uniq_josephine
Elf:1:    eino_elf_arrival_shootout, layout_geoelf_octagon, mu_enter_wizlab_3
Elf:2:    nicolae_elf_blades_crystal_corner, layout_rooms, serial_shops, shop,
          nicolae_shop_gibbet_a_chance, nicolae_shop_rolled_up, shop,
          gammafunk_ghost_cemetery, drop_trap, uniq_saint_roka, uniq_louise
Elf:3:    elf_hall, layout_geoelf_grid, ebering_ghost_inner_flame,
          serial_sigils_hangedman_stare, serial_library_hellmonk_small_corner,
          dreamdust_princess_corridor, nicolae_elf_glass_and_crystal_pillar_2,
          minmay_elf_annihilation, uniq_bai_suzhen
Vaults:1: nicolae_vaults_windows_and_doors_thing, st_octagons_1,
          vaults_dpeg_emergency_exit, nicolae_vaults_tangram_1,
          nicolae_vaults_trapezoid_3, hangedman_vaults_snaps,
          hangedman_vaults_corner_blocks, vaults_room_pool,
          nicolae_vaults_house_2, nicolae_vaults_tetromino_Z_1,
          grunt_vaults_funnel, nicolae_vaults_trapezoid_lopsided_1,
          layout_vaults_omnicross
Vaults:2: nicolae_vaults_trapezoid_2, ontoclasm_vaults_twist,
          nicolae_vaults_heart-shaped_vault, ontoclasm_vaults_gallery,
          ontoclasm_vaults_ring_small, nicolae_vaults_twisting_passages,
          nicolae_vaults_alarming, vaults_room_octagon, grunt_vaults_twisty,
          v_rooms_4, vaults_dpeg_hooks, vaults_room_hallway,
          nicolae_vaults_little_squares_1, serial_library_hellmonk_semicircle,
          layout_vaults_chaotic_city, uniq_zenata
Vaults:3: nicolae_vaults_frosty_reception, vaults_mumra_minichess,
          nicolae_vaults_sesquioval_fish, blue_anna_dwarven_crypt, v_misc_2,
          v_misc_26, nicolae_vaults_weapon_check, nicolae_vaults_specimen_jars,
          nicolae_vaults_two_Ls, nicolae_vaults_house_3,
          nicolae_vaults_storage_room_statues, vaults_room_hallway,
          nicolae_vaults_trapezoid_2, layout_vaults_ring, uniq_norris, uniq_jory
Vaults:4: nicolae_vaults_arrows, dpeg_vaults_monster_row,
          nicolae_vaults_little_squares_6, nicolae_vaults_quartermaster,
          nicolae_vaults_double_plus_1, layout_vaults_maze_bifur
Vaults:5: serial_shops
Crypt:1:  layout_catacombs, uniq_josephina, uniq_boris
Crypt:2:  layout_chaotic_city, moated_statue, st_stairs_4, weyrava_lich_vault
Crypt:3:  evilmike_haunted_forest
Tomb:1
Tomb:2
Tomb:3
Depths:1: layout_small_grid, enter_ziggurat_e, hell_entry, chequers_big_river,
          abyss_entry_crystal, hangedman_corner_corridor, minmay_shop_grove,
          uniq_nikola
Depths:2: minmay_the_grid_3x2 [minmay_the_grid_fan, minmay_the_grid_armoury,
          minmay_the_grid_rooms, minmay_the_grid_slots,
          minmay_the_grid_minigrid_medium, minmay_the_grid_prize_big_room],
          layout_small_grid, hellmouth_3, serial_shops, shop,
          columned_hall_lemuel, rand_demon_pan_entry_8
Depths:3: minmay_skeleton_keep, layout_cave_pools,
          nicolae_concentric_dashed_squares_wild, serial_shops,
          nicolae_shop_crystal, abyss_entry, grunt_hell_entry_dis_grunt,
          infiniplex_staircase_zigzag_4, minmay_shoptagon, serial_bayou_shore_b
Depths:4: grunt_twist_and_shout, layout_honeycomb, hell_entry,
          corexii_corridor_pit, nicolae_dithmenos_the_darkroom, uniq_grunn,
          uniq_enchantress
Hell
Coc:1:    layout_ice_bergs
Coc:2:    layout_cocytus_water_paths
Coc:3:    layout_ice_bergs, nicolae_coc_melting_block
Coc:4:    layout_cocytus_delve
Coc:5:    layout_ice_bergs
Coc:6:    layout_cocytus_water_paths
Zot:1:    layout_twisted_circle
Zot:2:    layout_basic
Zot:3:    layout_cellular_growth, grunt_ministairs_2
Zot:4:    layout_misc_corridors, hangedman_xom_zot_hilarity
Zot:5:    layout_cathedral_of_symmetry, grunt_ministairs_11, st_stairs_1,
          bh_zot_ikea_curve, nicolae_zot_crop_circle

Skill      XL: |  1  2  3  4  5  6  7  8  9 10 11 12 13 14 15 16 17 18 19 20 21 22 23 24 25 26 27 |
---------------+----------------------------------------------------------------------------------+-----
Throwing       | 2 |  2.0
Axes           | 3 |  3.1
Dodging        | 3 4 7 9 11 13 14 16 21 | 21.0
Fighting       | 3 4 5 6 8 10 12 13 14 15 16 18 19 20 21 22 23 24 25 26 27 | 27.0
Unarmed Combat | 1 2 3 4 5 7 9 10 11 13 14 15 16 17 18 19 20 21 22 23 24 25 27 | 27.0
Invocations    | 4 8 11 14 16 18 19 21 23 24 25 26 27 | 27.0
Armour         | 3 6 8 10 12 14 16 20 | 20.8
Evocations     | 16 | 16.4

Action                     |  1- 3 |  4- 6 |  7- 9 | 10-12 | 13-15 | 16-18 | 19-21 | 22-24 | 25-27 || total
---------------------------+-------+-------+-------+-------+-------+-------+-------+-------+-------++-------
  Melee: War axe           |    85 |   143 |   208 |       |       |       |       |       |       ||   436
         Touch             |     6 |    30 |    54 |   144 |   258 |   233 |   409 |   530 |   647 ||  2311
         Punch             |       |     2 |     5 |    49 |   113 |   164 |   311 |   424 |   714 ||  1782
         Unarmed           |       |       |    45 |   653 |  1115 |  1193 |  1727 |  2061 |  2951 ||  9745
  Throw: Throwing net      |       |       |     1 |     4 |     6 |       |       |       |       ||    11
 Invoke: Draw Destruction  |       |       |       |       |    18 |    26 |    47 |     5 |    27 ||   123
         Draw Summoning    |       |       |       |       |     5 |    18 |    19 |     5 |    21 ||    68
         Draw Escape       |       |       |       |       |     1 |     1 |     1 |       |       ||     3
Ability: Hurl Damnation    |       |       |       |       |       |       |       |     4 |     2 ||     6
  Evoke: Wand              |       |       |     2 |    12 |       |     1 |       |     2 |     3 ||    20
    Use: Potion            |       |       |       |     4 |     4 |    15 |     6 |       |    25 ||    54
         Scroll            |       |       |       |     9 |    15 |     8 |     9 |     2 |    19 ||    62
   Stab: Held in net/web   |       |       |     1 |     1 |     7 |       |       |       |       ||     9
         Distracted        |       |       |     1 |     1 |       |       |     2 |     2 |     1 ||     7
         Paralysed         |       |       |       |     1 |       |       |       |       |       ||     1
         Confused          |       |       |       |       |       |     1 |       |       |       ||     1
         Petrified         |       |       |       |       |       |       |       |     5 |     1 ||     6
 Armour: Leather armour    |    28 |       |       |       |       |       |       |       |       ||    28
         Scale mail        |    52 |    91 |   121 |   130 |   772 |   287 |       |       |       ||  1453
         Ring mail         |       |       |    62 |   357 |    51 |       |       |       |       ||   470
         Plate armour      |       |       |       |       |       |   777 |  1849 |  1582 |  2461 ||  6669
         Skin              |       |       |       |       |       |     5 |       |       |       ||     5
  Dodge: Dodged            |    59 |    76 |   162 |   345 |   375 |   354 |   686 |  1135 |  2782 ||  5974
         Repelled          |       |       |       |     2 |    12 |    32 |    31 |    15 |    54 ||   146
  Block: Other             |       |       |       |       |   149 |   102 |       |       |       ||   251
         Reflection        |       |       |       |       |     9 |    11 |       |       |       ||    20

Table legend: (Time is in decaauts)
 A = Elapsed time spent in this place.
 B = Non-inter-level travel time spent in this place.
 C = Inter-level travel time spent in this place.
 D = Time resting spent in this place.
 E = Time spent auto-exploring this place.
 F = Levels seen in this place.
 G = Mean time per level.
                   A        B        C        D        E       F      G
               +--------+--------+--------+--------+--------+-----+--------+
         Total | 109785 | 104325 |   5460 |  42196 |  41300 |  82 | 1338.8 |
       Dungeon |  20300 |  18422 |   1878 |   4744 |  10789 |  15 | 1353.3 |
        Temple |    162 |    147 |     15 |     72 |      0 |   1 |  162.0 |
          Lair |   9013 |   8567 |    446 |   2711 |   4407 |   5 | 1802.6 |
        Shoals |   5629 |   5456 |    173 |   1924 |   2808 |   4 | 1407.2 |
     Snake Pit |   5903 |   5750 |    153 |   1748 |   3347 |   4 | 1475.8 |
    Slime Pits |   6260 |   6075 |    185 |   3489 |   1567 |   5 | 1252.0 |
  Orcish Mines |   2420 |   2228 |    192 |   1171 |    633 |   2 | 1210.0 |
   Elven Halls |   6246 |   5994 |    252 |   2699 |   1587 |   3 | 2082.0 |
        Vaults |   9763 |   8871 |    892 |   2817 |   4560 |   5 | 1952.6 |
         Crypt |   5329 |   4878 |    451 |   1487 |   2255 |   3 | 1776.3 |
          Tomb |   4571 |   4353 |    218 |   2343 |    328 |   3 | 1523.7 |
        Depths |  10034 |   9668 |    366 |   5121 |   2957 |   4 | 2508.5 |
          Hell |   1549 |   1522 |     27 |    943 |    365 |   1 | 1549.0 |
       Cocytus |   2114 |   2114 |      0 |   1428 |     19 |   6 |  352.3 |
           Zot |   8911 |   8704 |    207 |   3690 |   3152 |   5 | 1782.2 |
         Abyss |   1456 |   1456 |      0 |    645 |      0 |   5 |  291.2 |
   Pandemonium |   5243 |   5243 |      0 |   2228 |   1892 |   7 |  749.0 |
        Bailey |    637 |    637 |      0 |    360 |      4 |   1 |  637.0 |
      Ice Cave |   1241 |   1241 |      0 |    559 |    377 |   1 | 1241.0 |
       Volcano |    309 |    309 |      0 |     20 |    162 |   1 |  309.0 |
        Wizlab |   2687 |   2687 |      0 |   1992 |     87 |   1 | 2687.0 |
               +--------+--------+--------+--------+--------+-----+--------+

Top non-repeatable levels by time:
Depths:1: 3354 daAuts
   Elf:3: 3260 daAuts
   Zot:5: 3083 daAuts
 Crypt:3: 2711 daAuts
  WizLab: 2687 daAuts
 Slime:5: 2606 daAuts
Depths:2: 2524 daAuts
Vaults:2: 2464 daAuts
    D:14: 2385 daAuts
Vaults:1: 2246 daAuts
Depths:3: 2243 daAuts
Vaults:3: 2240 daAuts
  Lair:4: 2180 daAuts
    D:15: 2171 daAuts
  Tomb:3: 2083 daAuts
